 Dungeon Crawl Stone Soup version 0.17.0-15-g6d90897 (webtiles) character file.

22992 dorian the Fighter (level 13, -2/133 HPs)
             Began as an Ogre Hunter on Nov 10, 2015.
             Was an Elder of Trog.
             Slain by a white ugly thing (33 damage)
             ... on level 14 of the Dungeon.
             The game lasted 00:40:04 (16034 turns).

dorian the Fighter (Ogre Hunter)                   Turns: 16034, Time: 00:40:04

Health: -2/133     AC: 14    Str: 21    XL:     13   Next: 3%
Magic:  0/13       EV: 16    Int: 11    God:    Trog [****..]
Gold:   901        SH:  0    Dex: 10    Spells: 0 memorised, 12 levels left

rFire  . . .     SeeInvis .     Z - +2 flail (protect)
rCold  . . .     Clarity  +     d - +0 robe
rNeg   . . .     SustAt   .     (no shield)
rPois  .         Gourm    .     (helmet restricted)
rElec  .         Spirit   +     N - +2 cloak
rCorr  .         Warding  .     (gloves unavailable)
rMut   .         Stasis   .     (boots unavailable)
MR     ++++.                    T - amulet of guardian spirit
Stlth  +.........               x - +3 ring of evasion
                                j - +3 ring of protection

@: regenerating, incredibly resistant to hostile enchantments, very unstealthy
A: unfitting armour, clarity, clumsy 1, frail 1, magic resistance 1, spit poison
1, tough skin 1, wild magic 1
a: Spit Poison, Berserk, Trog's Hand, Brothers in Arms, Burn Spellbooks,
Renounce Religion


You were on level 14 of the Dungeon.
You worshipped Trog.
Trog was greatly pleased with you.
You were hungry.

You visited 2 branches of the dungeon, and saw 15 of its levels.

You collected 901 gold pieces.

Inventory:

Hand Weapons
 X - a +0 giant spiked club
 Z - a +2 flail of protection (weapon)
Missiles
 D - 3 large rocks
 E - 6 poisoned tomahawks
 F - 2 throwing nets
 I - 5 steel javelins
 S - a poisoned javelin (quivered)
Armour
 d - a +0 robe (worn)
 L - a +0 large shield
 N - a +2 cloak (worn)
Rods
 c - a +9 rod of inaccuracy (13/13)
   (You found it on level 8 of the Dungeon)
Jewellery
 a - an uncursed ring of flight
 j - a +3 ring of protection (left hand)
 k - a +6 ring of strength
 m - an uncursed amulet of resist mutation
 r - an uncursed ring of ice
 x - a +3 ring of evasion (right hand)
 A - an uncursed ring of sustain attributes {unknown}
 H - an uncursed ring of fire
 T - an amulet of guardian spirit (around neck)
Wands
 l - a wand of flame (21)
 o - a wand of magic darts (33)
 y - a wand of confusion (31)
 P - a wand of lightning (8)
 Q - a wand of random effects (14)
Scrolls
 h - 11 scrolls of identify
 n - a scroll of blinking
 s - 2 scrolls of enchant weapon
 t - a scroll of magic mapping
 u - 6 scrolls of remove curse
 w - a scroll of fog
 M - 2 scrolls of recharging
 V - 2 scrolls of immolation
Potions
 g - a potion of agility
 q - 4 potions of degeneration {unknown}
 v - 3 potions of lignification
 z - 2 potions of berserk rage
 C - 2 potions of cancellation
 G - 6 potions of curing
 J - a potion of might
 Y - a potion of resistance {unknown}
Miscellaneous
 K - a box of beasts
Comestibles
 e - 12 bread rations
 f - 8 meat rations
 i - a slice of pizza
 p - 7 chunks of flesh
 B - 3 beef jerkies
 W - 7 fruits


   Skills:
 + Level 14.5 Fighting
 + Level 14.1 Maces & Flails
 - Level 10.5 Throwing
 + Level 9.9 Dodging
 - Level 0.7 Stealth


You had 12 spell levels left.
You didn't know any spells.

Dungeon Overview and Level Annotations

Branches:
Dungeon (14/15)            Temple (1/1) D:7            Lair (0/8) D:9
    Orc (0/4) D:10
 Vaults: D:13-14

Altars:
Ashenzari
Cheibriados
Dithmenos
Elyvilon
Fedhas
Gozag
Kikubaaqudgha
Makhleb
Nemelex Xobeh
Okawaru
Qazlal
Ru
Sif Muna
Trog
Vehumet
Xom
Yredelemnul
Zin
The Shining One

Shops:
D:7 *   D:8 *%:=


Innate Abilities, Weirdness & Mutations

You are too large for most types of armour.
You have tough skin (AC +1).
You possess an exceptional clarity of mind.
You are clumsy. (Dex -2)
You are frail (-10% HP).
You are resistant to hostile enchantments.
You can spit weak poison.
Your spells are a little harder to cast, but a little more powerful.


Message History

You feel resistant to hostile enchantments.
You are feeling hungry.
The white ugly thing closely misses you.
You are too injured to fight recklessly!
You are too injured to fight recklessly!
You are too injured to fight recklessly!
You are too injured to fight recklessly!
You hit the white ugly thing but do no damage.
The white ugly thing is moderately wounded.
The white ugly thing punches you.
* * * LOW HITPOINT WARNING * * *
The white ugly thing freezes you!!
* * * LOW HITPOINT WARNING * * *
You sock the white ugly thing!
The white ugly thing is heavily wounded.
Drink which item? (? for menu, Esc to quit)
You feel much better. The white ugly thing punches you.
* * * LOW HITPOINT WARNING * * *
The white ugly thing freezes you!!
You die...

#.... #).###########+###
#<.'.............#
#).#.............#.
######..#.............#.
........#(............#.
........#.............#.
........#.......:.....#.
..#####@#.............#.
#...#u#.............#.
#...'u#'#############. #
#...#).}u.uhu.........
'.#####...).............
#.......................
#...........##########..
#...........# #..
............# #..


You could see 2 ugly things.

Vanquished Creatures
  A hydra (D:12)
  2 tengu warriors (D:13)
  2 centaur warriors
  Nergalle (D:10)
  6 hill giants
  A cyclops (D:12)
  2 griffons
  4 ugly things
  A manticore (D:8)
  Maurice (D:12)
  2 gargoyles
  3 trolls
  2 two-headed ogres
  A freezing wraith (D:14)
  Prince Ribbit (D:6)
  A trapdoor spider (D:11)
  A spriggan (D:7)
  2 wraiths (D:11)
  A wyvern (D:13)
  A golden eye (shapeshifter) (D:13)
  A shadow (D:12)
  Eustachio (D:3)
  6 vampire mosquitoes
  3 hippogriffs
  2 water moccasins
  Duvessa (D:6)
  4 sky beasts
  An eye of draining (D:11)
  2 black bears (D:11)
  3 necrophages
  5 ice beasts
  A phantom (D:9)
  6 ogres
  A wasp (D:9)
  11 orc warriors
  5 centaurs
  A crocodile (D:12)
  6 giant frogs
  4 big kobolds
  4 killer bees
  23 wights
  Dowan (D:6)
  A scorpion (D:5)
  6 hounds
  2 giant frog zombies
  9 orc wizards
  3 centaur zombies
  10 crimson imps
  A quasit (D:9)
  13 orc priests
  4 jellies
  A giant frog skeleton (D:5)
  3 iron imps (D:3)
  3 centaur skeletons
  2 iguanas
  11 worker ants
  2 killer bee zombies
  8 adders
  7 gnolls
  2 white imps (D:14)
  2 oozes
  3 shadow imps
  An adder zombie (D:7)
  3 adder skeletons
  A worm (D:4)
  7 giant geckos
  64 orcs
  2 ball pythons
  5 bats
  3 giant cockroaches
  6 goblins
  4 hobgoblins
  4 quokkas
  A giant gecko skeleton (D:8)
  A giant gecko zombie (D:8)
  5 giant newts
  24 jackals
  18 kobolds
  A quokka skeleton (D:5)
  9 rats
380 creatures vanquished.

Vanquished Creatures (others)
  Sigmund (D:6)
1 creature vanquished.

Grand Total: 381 creatures vanquished

Notes
Turn   | Place    | Note
--------------------------------------------------------------
     0 | D:1      | dorian the Ogre Hunter began the quest for the Orb.
     0 | D:1      | Reached XP level 1. HP: 22/22 MP: 1/1
   220 | D:1      | Reached XP level 2. HP: 29/31 MP: 2/2
   851 | D:2      | Reached XP level 3. HP: 36/39 MP: 3/3
   860 | D:2      | Reached skill level 1 in Maces & Flails
  1553 | D:3      | Reached XP level 4. HP: 48/48 MP: 4/4
  1819 | D:3      | Found a burning altar of Makhleb.
  1872 | D:3      | Reached XP level 5. HP: 55/55 MP: 5/5
  2096 | D:3      | Found a glowing golden altar of the Shining One.
  2292 | D:3      | Reached skill level 5 in Fighting
  2292 | D:3      | Reached skill level 5 in Throwing
  2427 | D:3      | Reached XP level 6. HP: 12/66 MP: 6/6
  2669 | D:4      | Noticed Eustachio
  2682 | D:3      | Killed Eustachio
  2813 | D:4      | Reached skill level 6 in Fighting
  2813 | D:4      | Reached skill level 5 in Maces & Flails
  2990 | D:4      | Reached XP level 7. HP: 75/75 MP: 7/7
  3370 | D:4      | Found a shimmering altar of Xom.
  3840 | D:5      | Entered Level 5 of the Dungeon
  3850 | D:5      | Found a snail-covered altar of Cheibriados.
  4226 | D:5      | Reached skill level 7 in Fighting
  4226 | D:5      | Reached XP level 8. HP: 54/87 MP: 8/8
  4464 | D:5      | Found a bloodstained altar of Trog.
  4467 | D:5      | Became a worshipper of Trog the Wrathful
  4552 | D:5      | Found an iron altar of Okawaru.
  4761 | D:5      | Found an ancient bone altar of Kikubaaqudgha.
  4921 | D:6      | Noticed Sigmund
  4928 | D:6      | Killed Sigmund
  4929 | D:6      | Found an opulent altar of Gozag.
  5238 | D:6      | Found a sacrificial altar of Ru.
  5248 | D:6      | Reached skill level 8 in Fighting
  5253 | D:6      | Noticed Prince Ribbit
  5256 | D:6      | Killed Prince Ribbit
  5294 | D:6      | Reached XP level 9. HP: 92/97 MP: 9/9
  5312 | D:6      | Noticed Duvessa
  5313 | D:6      | Noticed Dowan
  5321 | D:6      | Killed Dowan
  5326 | D:6      | Killed Duvessa
  5326 | D:6      | Reached * piety under Trog
  5526 | D:7      | Found a sparkling altar of Nemelex Xobeh.
  5575 | D:7      | Reached skill level 9 in Fighting
  5584 | D:7      | Found a staircase to the Ecumenical Temple.
  5629 | Temple   | Entered the Ecumenical Temple
  5915 | D:7      | Reached skill level 5 in Dodging
  6138 | D:7      | Found a shadowy altar of Dithmenos.
  6378 | D:7      | Found Sopuro's Assorted Antiques.
  6693 | D:8      | Reached XP level 10. HP: 110/110 MP: 10/10
  6735 | D:8      | Reached ** piety under Trog
  6735 | D:8      | Reached skill level 10 in Fighting
  6870 | D:8      | Found Hywid's Assorted Antiques.
  7141 | D:8      | Found Wayhuw's Jewellery Shoppe.
  7430 | D:8      | Found Viegra's Food Shoppe.
  7459 | D:8      | Found a white marble altar of Elyvilon.
  7507 | D:8      | Noticed a manticore
  7520 | D:8      | Killed a manticore
  7656 | D:8      | Identified a +9 rod of inaccuracy (13/13) (You found it on level 8 of the Dungeon)
  7845 | D:8      | Reached skill level 10 in Maces & Flails
  8252 | D:8      | Found Woczi's Book Shoppe.
  8399 | D:9      | Found a staircase to the Lair.
  9318 | D:9      | Reached skill level 11 in Fighting
  9567 | D:9      | Noticed a griffon
  9601 | D:9      | Killed a griffon
  9944 | D:9      | Reached *** piety under Trog
 10065 | D:9      | Found a stormy altar of Qazlal.
 10253 | D:9      | Reached XP level 11. HP: 112/120 MP: 11/11
 10414 | D:10     | Entered Level 10 of the Dungeon
 10457 | D:9      | Gained mutation: You can spit weak poison. [potion of mutation]
 10457 | D:9      | Gained mutation: You are resistant to hostile enchantments. [potion of mutation]
 10457 | D:9      | Gained mutation: You are frail (-10% HP). [potion of mutation]
 10677 | D:10     | Noticed Nergalle
 10716 | D:10     | Killed Nergalle
 10897 | D:10     | Found a blossoming altar of Fedhas.
 11008 | D:10     | Noticed a hill giant
 11018 | D:10     | Killed a hill giant
 11317 | D:10     | Reached skill level 12 in Fighting
 11483 | D:10     | Received a gift from Trog
 11863 | D:10     | Found a staircase to the Orcish Mines.
 12263 | D:11     | Noticed a hill giant
 12268 | D:11     | Killed a hill giant
 12268 | D:11     | Reached skill level 10 in Throwing
 12729 | D:11     | Noticed a hill giant
 12735 | D:11     | Killed a hill giant
 12913 | D:11     | Found a glowing golden altar of the Shining One.
 13345 | D:11     | Reached **** piety under Trog
 13428 | D:12     | Noticed a hill giant
 13447 | D:12     | Reached XP level 12. HP: 116/119 MP: 10/12
 13453 | D:12     | Killed a hill giant
 13487 | D:11     | Reached skill level 13 in Fighting
 13676 | D:12     | Found an iron altar of Okawaru.
 13718 | D:12     | Noticed Maurice
 13756 | D:12     | Killed Maurice
 13968 | D:12     | Noticed a hill giant
 13985 | D:12     | Killed a hill giant
 14158 | D:12     | Noticed a five-headed hydra
 14164 | D:12     | Killed a five-headed hydra
 14164 | D:12     | Received a gift from Trog
 14201 | D:12     | Gained mutation: You possess an exceptional clarity of mind. [potion of mutation]
 14201 | D:12     | Gained mutation: Your spells are a little harder to cast, but a little more powerful. [potion of mutation]
 14201 | D:12     | Gained mutation: You are clumsy. (Dex -2) [potion of mutation]
 14967 | D:13     | Found a stormy altar of Qazlal.
 15002 | D:13     | Noticed a centaur warrior
 15008 | D:13     | Killed a centaur warrior
 15197 | D:13     | Noticed a tengu warrior
 15198 | D:13     | Noticed a tengu warrior
 15215 | D:13     | Killed a tengu warrior
 15221 | D:13     | Killed a tengu warrior
 15221 | D:13     | Reached skill level 14 in Fighting
 15262 | D:13     | Identified the Reference Book on Beguiling (You found it on level 13 of the Dungeon)
 15749 | D:14     | Noticed a centaur warrior
 15750 | D:14     | Killed a centaur warrior
 15995 | D:14     | Reached XP level 13. HP: 97/133 MP: 9/13
 16032 | D:14     | HP: 1/133 [white ugly thing (29)]
 16034 | D:14     | Slain by a white ugly thing

Action                   |  1- 3 |  4- 6 |  7- 9 | 10-12 | 13-15 || total
-------------------------+-------+-------+-------+-------+-------++-------
Melee: Short sword       |    39 |       |       |       |       ||    39
       Hand axe          |    53 |    66 |   169 |       |       ||   288
       Morningstar       |       |       |    59 |    44 |       ||   103
       Flail             |       |       |       |   835 |    35 ||   870
Throw: Large rock        |     6 |    26 |    32 |    34 |       ||    98
       Throwing net      |       |       |     4 |       |       ||     4
       Javelin           |       |       |       |    79 |       ||    79
       Tomahawk          |       |       |       |    42 |       ||    42
Invok: Berserk           |       |       |       |     9 |       ||     9
       Trog's Hand       |       |       |       |     1 |     1 ||     2
Evoke: Wand              |       |       |       |     6 |       ||     6
  Use: Scroll            |       |       |     5 |    12 |       ||    17
       Potion            |       |       |       |    15 |     1 ||    16
 Stab: Sleeping          |     2 |       |     1 |     1 |       ||     4
       Distracted        |       |       |       |     1 |       ||     1
  Eat: Chunk             |     2 |     5 |    10 |    33 |       ||    50
       Meat ration       |       |       |       |     1 |       ||     1
       Royal jelly       |       |       |       |     1 |       ||     1
       Beef jerky        |       |       |       |     1 |       ||     1
